 Dungeon Crawl Stone Soup version 0.31-a0-1237-gabc64e778c (webtiles) character file.

Game seed: 9055887945707300072

28700 tilp the Covert (level 13, -3/103 HPs)
             Began as a Vampire Enchanter on Dec 15, 2023.
             Was a Priest of Wu Jian.
             Slain by an eight-headed hydra (12 damage)
             ... on level 3 of the Lair of Beasts.
             The game lasted 00:27:40 (13883 turns).

tilp the Covert (Vampire Enchanter)                Turns: 13883, Time: 00:27:40

Health: -3/103     AC: 10    Str:  7    XL:     13   Next: 11%
Magic:  7/23       EV: 20    Int: 27    God:    Wu Jian [***...]
Gold:   808        SH:  0    Dex: 22    Spells: 15/26 levels left

rFire   . . .        a - +8 Vampire's Tooth {megavamp}
rCold   . . .        (no shield)
rNeg    + . .        s - +2 robe {rN+}
rPois   .            n - +0 helmet
rElec   .            L - +1 cloak
rCorr   .            (no gloves)
SInv    +            v - +2 pair of boots
Will    +....        (no amulet)
Stlth   +++++        m - +6 ring of dexterity
HPRegen 0.57/turn    l - +6 ring of intelligence
MPRegen 0.18/turn

%: no passive effects
@: healing quickly
A: alive, fangs 3, see invisible, vampiric 2
a: Exsanguinate, Renounce Religion, Wall Jump, Serpent's Lash


You were on level 3 of the Lair of Beasts.
You worshipped Wu Jian.
Wu Jian was most pleased with you.
You visited 3 branches of the dungeon, and saw 15 of its levels.
You also visited: Sewer and Bailey.

You collected 1216 gold pieces.
You spent 408 gold pieces at shops.

Inventory:

Hand Weapons
 a - the +8 Vampire's Tooth (weapon) {megavamp}
   (You found it on level 11 of the Dungeon)
 b - a +2 demon blade of venom
 Q - a +4 scimitar of flaming
 Z - a +2 dagger of electrocution
Missiles
 d - 24 poisoned darts (quivered)
 o - 10 boomerangs
 z - 3 javelins
 H - 4 atropa-tipped darts
 J - a throwing net
Armour
 n - a +0 helmet (worn)
 s - a +2 robe of positive energy (worn)
 v - a +2 pair of boots (worn)
 I - a +1 kite shield of reflection
 L - a +1 cloak (worn)
Jewellery
 l - a +6 ring of intelligence (right hand)
 m - a +6 ring of dexterity (left hand)
 C - a +6 ring of strength
 O - a ring of protection from cold
 P - a ring of resist corrosion
 T - a ring of flight
Wands
 j - a wand of charming (30)
 p - a wand of mindburst (11)
 R - a wand of roots (7)
 S - a wand of polymorph (9)
 V - a wand of flame (11)
Scrolls
 g - 2 scrolls of immolation
 k - 2 scrolls of enchant weapon
 r - 2 scrolls of vulnerability
 t - 4 scrolls of teleportation
 A - 3 scrolls of fear
 G - 2 scrolls of silence
 K - a scroll of acquirement
 M - 4 scrolls of identify
 W - a scroll of torment
Potions
 c - 2 potions of invisibility
 e - 9 potions of curing
 f - 2 potions of attraction
 h - 5 potions of heal wounds
 i - 2 potions of haste
 q - 4 potions of brilliance
 u - 3 potions of enlightenment
 w - 2 potions of lignification
 x - a potion of ambrosia
 B - 2 potions of resistance
 D - 2 potions of magic
 F - 3 potions of mutation
 N - a potion of cancellation
 Y - a potion of might
Miscellaneous
 y - a lightning rod (4/4)
 E - a phantom mirror
 U - a phial of floods


   Skills:
 * Level 10.1 Fighting
 - Level 10.0 Short Blades
 + Level 1.0(5.7) Long Blades
 + Level 10.1 Dodging
 + Level 12.1 Stealth
 + Level 7.1 Spellcasting
 - Level 4.0 Conjurations
 + Level 12.1 Hexes
 - Level 2.0 Ice Magic
 + Level 4.2 Evocations


You had 15 spell levels left.
You knew the following spells:

 Your Spells              Type           Power      Damage    Failure   Level
a - Ensorcelled Hibernat  Hex/Ice        94%        N/A       1%          2
b - Confusing Touch       Hex            66%        N/A       1%          3
c - Tukima's Dance        Hex            66%        N/A       1%          3
d - Dazzling Flash        Conj/Hex       100%       N/A       1%          3

Your spell library contained the following spells:

 Spells                   Type           Power      Damage    Failure   Level
 Ozocubu's Armour         Ice            20%        N/A       8%          3
 Sublimation of Blood     Necr           9%         N/A       9%          2
 Metabolic Englaciation   Hex/Ice        23%        N/A       9%          5
 Volatile Blastmotes      Fire/Tloc      18%        2d11      17%         3
 Petrify                  Tmut/Erth      9%         N/A       50%         4
 Irradiate                Conj/Tmut      10%        3d15      56%         5
 Agony                    Necr           9%         N/A       85%         5
 Borgnjor's Vile Clutch   Necr/Erth      4%         N/A       85%         5
 Starburst                Conj/Fire      10%        6d5       98%         6
 Simulacrum               Ice/Necr       7%         N/A       99%         6
 Maxwell's Capacitive Co  Air            4%         ∞         100%        8


Dungeon Overview and Level Annotations

Branches:
Dungeon (11/15)            Temple (1/1) D:4            Lair (3/5) D:8
  Snake (0/4) Lair:3        Sewer (visited)          Bailey (visited)
  Swamp: Lair:2-3    Shoals: Lair:2-3       Orc: D:9-12

Altars:
Ashenzari
Cheibriados
Dithmenos
Fedhas
Gozag
Hepliaklqana
Kikubaaqudgha
Makhleb
Nemelex Xobeh
Okawaru
Qazlal
Ru
Sif Muna
Trog
Uskayaw
Vehumet
Wu Jian
Xom
Yredelemnul

Shops:
D:2 !   D:4 **   D:6 !   D:11 !

Portals:
Trove: D:10 (give 12 scrolls of teleportation)

Annotations:
D:5 2 runed translucent doors, decrepitude's ghost, novice VSFi


Innate Abilities, Weirdness & Mutations

Your natural rate of healing is accelerated.
You have razor-sharp teeth.
You have supernaturally acute eyesight. (SInv)
You are afflicted with vampirism and can become a bat while bloodless.


Message History

Confirm with . or Enter, or press ? or * to list all spells.
Aiming: Ensorcelled Hibernation (safe; 1% risk of failure)
Press: ? - help, Shift-Dir - straight line, f/p - eight-headed hydra
Aim: an eight-headed hydra (chance to affect: 35%)
The eight-headed hydra easily resists.
The eight-headed hydra bites you.
* * * LOW HITPOINT WARNING * * *
The eight-headed hydra bites you but does no damage.
The eight-headed hydra barely misses you.
The eight-headed hydra bites you but does no damage.
The eight-headed hydra bites you.
* * * LOW HITPOINT WARNING * * *
The eight-headed hydra misses you. x2
The eight-headed hydra closely misses you.
Casting: Ensorcelled Hibernation (safe; 1% risk of failure)
Confirm with . or Enter, or press ? or * to list all spells.
Casting: Dazzling Flash (safe; 1% risk of failure)
Press: ? - help, Dir - look around, f - activate The eight-headed hydra bites you!
* * * LOW HITPOINT WARNING * * *
The eight-headed hydra bites you but does no damage.
The eight-headed hydra barely misses you.
The eight-headed hydra bites you.
* * * LOW HITPOINT WARNING * * *
The eight-headed hydra bites you.
* * * LOW HITPOINT WARNING * * *
The eight-headed hydra bites you.
* * * LOW HITPOINT WARNING * * *
The eight-headed hydra bites you but does no damage.
The eight-headed hydra bites you!
* * * LOW HITPOINT WARNING * * *
Okay, then.
You feel much better. The eight-headed hydra misses you.
The eight-headed hydra closely misses you.
The eight-headed hydra misses you. The eight-headed hydra bites you!
* * * LOW HITPOINT WARNING * * *
The eight-headed hydra bites you but does no damage.
The eight-headed hydra bites you.
* * * LOW HITPOINT WARNING * * *
The eight-headed hydra bites you!
You die...

##.# ####
####.######..# # ###
#P...........#
####.####.#♣♣♣♣♣♣♣..♣♣
......##...♣≈≈~~†~...♣
......#....♣≈≈.~~†~~♣♣
.......†#.♣♣≈...†.~♣♣
......P.#..♣♣≈.~....♣
.......##...♣♣♣♣@..♣♣
......###..♣♣§§D..♣♣
...#### ##♣♣♣§§♣♣♣♣
..##### ♣§D ..###.#
♣.. ### ......#### ♣..
### ##.# ......'..##♣~
♣♣#.####.##
......##..#♣♣
♣.<......##
......#...'.♣
♣.........#


You could see an eight-headed hydra and a six-headed hydra.

Vanquished Creatures
  Erica (D:10)
  A boulder beetle (D:11)
  2 two-headed ogres
  2 cyclopes (D:11)
  5 elephants (Lair:2)
  2 black mambas
  Joseph (D:7)
  Maggie (D:7)
  5 cane toads
  A gargoyle (D:10)
  A rime drake (Lair:3)
  6 komodo dragons
  3 trolls
  5 hornets
  Grinder (D:3)
  4 blink frogs (Lair:3)
  2 tyrant leeches (D:11)
  6 slime creatures (D:8)
  A shadow (D:11)
  3 wyverns
  2 vampires (D:11)
  A basilisk (Lair:2)
  38 yaks
  6 vampire mosquitoes (D:11)
  Edmund (D:4)
  3 nagas (Lair:3)
  2 swamp worms (Lair:3)
  Duvessa (D:5)
  2 acid dragons (D:11)
  12 water moccasins
  2 sky beasts
  4 orc warriors (Bailey)
  An ice beast (D:6)
  2 ogres
  7 centaurs
  20 wolves
  2 kobold brigands (D:9)
  Blork the orc (D:4)
  A brain worm (Sewer)
  2 gnoll sergeants
  9 bullfrogs
  A scorpion (D:5)
  4 wights (D:8)
  Dowan (D:5)
  3 killer bees (D:10)
  A howler monkey (D:8)
  8 hounds
  4 jellies
  Crazy Yiuf (D:7)
  4 orc priests
  4 iguanas
  2 orc wizards
  Robin (D:2)
  7 gnolls
  6 adders
  4 river rats
  2 white imps
  5 worms
  4 dart slugs
  44 orcs
  14 bats
  5 endoplasms
  7 giant cockroaches
  20 goblins
  16 hobgoblins
  5 jackals
  4 quokkas
  17 ball pythons
  6 frilled lizards
  15 kobolds
  8 rats
  A butterfly (Lair:3)
396 creatures vanquished.

Vanquished Creatures (collateral kills)
  2 orc warriors (Bailey)
  A wight (D:8)
3 creatures vanquished.

Vanquished Creatures (others)
  A dancing weapon (D:10)
1 creature vanquished.

Grand Total: 400 creatures vanquished

Notes
Turn   | Place    | Note
-------+----------+-------------------------------------------
     0 | D:1      | tilp the Vampire Enchanter began the quest for the Orb.
     0 | D:1      | Reached XP level 1. HP: 13/13 MP: 3/3
   124 | D:1      | Found a faded altar of an unknown god.
   174 | D:1      | Reached XP level 2. HP: 20/20 MP: 5/5
   177 | D:1      | Learned a level 2 spell: Ensorcelled Hibernation
   495 | D:1      | Reached skill level 1 in Fighting
   705 | D:2      | Gained mutation: You are afflicted with vampirism and can
                  | become a bat while bloodless. [Vampire growth]
   705 | D:2      | Reached XP level 3. HP: 26/26 MP: 1/6
  1104 | D:2      | Found Qobun's Distillery.
  1121 | D:2      | Reached XP level 4. HP: 32/32 MP: 7/7
  1125 | D:2      | Bought a potion of heal wounds for 70 gold pieces
  1343 | D:2      | Noticed Robin
  1361 | D:2      | Killed Robin
  1414 | D:2      | Reached skill level 5 in Hexes
  1467 | D:2      | Learned a level 3 spell: Confusing Touch
  1542 | D:3      | Found a shadowy altar of Dithmenos.
  1605 | D:3      | Noticed Grinder
  1614 | D:3      | Found a blossoming altar of Fedhas.
  1781 | D:3      | Reached skill level 5 in Stealth
  1815 | D:3      | Reached XP level 5. HP: 38/38 MP: 3/8
  1837 | D:3      | Found a glowing drain.
  1858 | Sewer    | Entered a sewer
  2365 | Sewer    | Reached XP level 6. HP: 40/46 MP: 6/9
  2431 | Sewer    | Learned a level 3 spell: Tukima's Dance
  2523 | D:3      | Paralysed by Grinder for 2 turns
  2533 | D:3      | Killed Grinder
  2534 | D:3      | Reached skill level 1 in Ice Magic
  2534 | D:3      | Reached skill level 1 in Evocations
  3102 | D:4      | Found Nioruuliyh's Elemental Accessories.
  3110 | D:4      | Noticed Blork the orc
  3120 | D:4      | Killed Blork the orc
  3121 | D:4      | Reached XP level 7. HP: 52/52 MP: 11/11
  3155 | D:4      | Found a staircase to the Ecumenical Temple.
  3166 | Temple   | Entered the Ecumenical Temple
  3373 | D:4      | Found Gozag's Platinum Reserve.
  3399 | D:4      | Found an opulent altar of Gozag.
  3671 | D:4      | Found an ancient bone altar of Kikubaaqudgha.
  3675 | D:4      | Found a hazy altar of Hepliaklqana.
  4043 | D:4      | Noticed Edmund
  4071 | D:4      | Killed Edmund
  4360 | D:5      | Entered Level 5 of the Dungeon
  4360 | D:5      | Found a runed translucent door.
  4411 | D:5      | Reached XP level 8. HP: 36/60 MP: 5/12
  4420 | D:5      | Noticed decrepitude's ghost (novice VSFi)
  4431 | D:5      | Reached skill level 5 in Short Blades
  4797 | D:5      | Found a runed translucent door.
  4870 | D:5      | Noticed Duvessa
  4871 | D:5      | Noticed Dowan
  4875 | D:5      | Killed Duvessa
  4878 | D:5      | Killed Dowan
  5171 | D:6      | Found an iron altar of Okawaru.
  5298 | D:6      | Found Efuj's Distillery.
  5326 | D:6      | Bought a potion of mutation for 104 gold pieces
  5326 | D:6      | Bought a potion of haste for 130 gold pieces
  5340 | D:6      | Noticed a +0 dagger
  5343 | D:6      | Noticed a +0 dagger
  5343 | D:6      | Noticed a +0 falchion
  5343 | D:6      | Noticed a +0 spear
  5343 | D:6      | Noticed a +0 short sword
  5343 | D:6      | Noticed a +0 falchion
  5344 | D:6      | Noticed a +0 spear
  5344 | D:6      | Noticed a +0 short sword
  5382 | D:6      | Found a hide-covered altar of Uskayaw.
  5446 | D:6      | Found a large runed translucent door.
  5446 | D:6      | Found a large runed translucent door.
  5802 | D:6      | Found a bloodstained altar of Trog.
  5827 | D:6      | Found a sparkling altar of Nemelex Xobeh.
  5837 | D:6      | Reached skill level 5 in Fighting
  5837 | D:6      | Reached XP level 9. HP: 68/68 MP: 10/14
  5841 | D:6      | Learned a level 3 spell: Dazzling Flash
  5907 | D:7      | Found a flagged portal.
  5935 | Bailey   | Entered a bailey
  6362 | Bailey   | Noticed an orc knight
  6368 | Bailey   | Reached skill level 5 in Dodging
  6368 | Bailey   | Reached skill level 1 in Conjurations
  6515 | D:7      | Noticed Maggie
  6522 | D:7      | Killed Maggie
  6768 | D:7      | Noticed Joseph
  6780 | D:7      | Killed Joseph
  7152 | D:7      | Reached XP level 10. HP: 76/76 MP: 17/17
  7163 | D:7      | Found a runed translucent door.
  7164 | D:7      | Noticed Crazy Yiuf
  7344 | D:7      | Killed Crazy Yiuf
  7368 | D:7      | Identified a scroll of acquirement
  7574 | D:8      | Found a sacrificial altar of Ru.
  7815 | D:8      | Reached skill level 5 in Spellcasting
  8036 | D:8      | You fall into a shaft and drop 1 floor!
  8054 | D:9      | Reached skill level 10 in Stealth
  8084 | D:9      | Noticed a two-headed ogre
  8091 | D:9      | Killed a two-headed ogre
  8092 | D:9      | Reached skill level 10 in Short Blades
  8295 | D:8      | Identified the +0 flail of Wounding {heavy, Int+3}
  8638 | D:8      | Found a staircase to the Lair.
  8735 | D:8      | Reached XP level 11. HP: 34/83 MP: 1/18
  9535 | D:10     | Entered Level 10 of the Dungeon
  9779 | D:10     | Noticed Erica
  9795 | D:10     | Killed Erica
 10171 | D:10     | Found a burning altar of Makhleb.
 10171 | D:10     | Found an ornate altar of the Wu Jian Council.
 10176 | D:10     | Became a worshipper of the Wu Jian Council
 10232 | D:10     | Found a portal to a secret trove of treasure.
 10417 | D:11     | Reached skill level 10 in Hexes
 10579 | D:11     | Noticed a two-headed ogre
 10585 | D:11     | Killed a two-headed ogre
 10867 | D:11     | Found Memoij's Distillery.
 10948 | D:11     | Found the +8 Vampire's Tooth {megavamp}
 11166 | D:11     | Noticed a boulder beetle
 11175 | D:11     | Killed a boulder beetle
 11175 | D:11     | Reached * piety under Wu Jian
 11301 | D:11     | Bought a potion of magic for 104 gold pieces
 11457 | Lair:1   | Entered Level 1 of the Lair of Beasts
 11518 | Lair:1   | Reached XP level 12. HP: 91/92 MP: 21/21
 12365 | Lair:2   | Reached ** piety under Wu Jian
 13014 | Lair:3   | Got the Excursus on Zombies
 13184 | Lair:3   | Found a staircase to the Snake Pit.
 13270 | Lair:3   | Reached skill level 10 in Fighting
 13588 | Lair:3   | Reached skill level 10 in Dodging
 13602 | Lair:3   | Reached XP level 13. HP: 103/103 MP: 23/23
 13696 | Lair:3   | Reached *** piety under Wu Jian
 13860 | Lair:3   | Reached skill level 1 in Long Blades
 13882 | Lair:3   | HP: 2/103 [eight-headed hydra (10)]
 13883 | Lair:3   | Slain by an eight-headed hydra

Illustrated notes

Levels and vault maps discovered:
D:1:      heliophobic_arrival_henge, layout_rooms, basic_ecumenical_altar
D:2:      layout_basic, serial_shops, shop, minivault_24, uniq_robin
D:3:      layout_basic, nicolae_dithmenos_the_darkroom, old_standard_altar,
          portal_sewer_entry_e, roderic_lattice_a, uniq_grinder
D:4:      layout_rooms, nicolae_gozag_zags_fifth_avenue,
          mainiacjoe_overflow_catwalk_spiral, minmay_temple_entry_nine_rooms,
          serial_co_window_serial, co_window_paths_a, co_window_corner_a,
          co_window_corner_a, co_window_paths_a, co_window_paths_b,
          co_window_unsneaky_path_c, co_window_cross_4,
          co_window_of_opportunity_c, co_window_corner_b,
          co_window_unsneaky_path_a, co_window_broadway_b, co_window_4corner_a,
          glass_columns_a, glass_columns_b, glass_columns_a, glass_columns_a,
          glass_columns_b, nicolae_elemental_shop, grunt_ministairs_15,
          uniq_blork_the_orc, uniq_edmund
D:5:      layout_rooms, ebering_ghost_sewer_f, uniq_duvessa
D:6:      layout_basic, mainiacjoe_overflow_tiny_flanked,
          nicolae_uskayaw_en_pointe, jmf_multi_god_temple2, serial_shops, shop
D:7:      layout_basic, enter_bailey_5, uniq_maggie, uniq_crazy_yiuf_cottage,
          uniq_joseph
D:8:      layout_loops_ring, mainiacjoe_overflow_concentric_impassable,
          david_lair_shrubbed
D:9:      layout_loops_ring, nicolae_figureground_sparkle
D:10:     layout_roguey, gammafunk_temple_overflow_statue,
          nicolae_trove_entry_crystal, uniq_erica
D:11:     layout_loops_ring, serial_shops, nicolae_shop_industrial_runoff,
          gauntlet_entry_generic, minmay_guarded_unrand_vampires_tooth
Temple:   compressed_dpeg_circular_temple
Lair:1:   layout_big_grid, grunt_megastairs_4
Lair:2:   layout_roguey
Lair:3:   layout_roguey, palyth_hydra_swamp_entry, nicolae_snake_entry_squirm,
          dreamdust_wasp_nest, lemuel_fruit_fields, grunt_megastairs_2

Skill      XL: |  1  2  3  4  5  6  7  8  9 10 11 12 13 |
---------------+----------------------------------------+-----
Fighting       | 1 2 3 5 6 7 10 | 10.1
Short Blades   | 2 3 4 6 7 10 | 10.0
Hexes          | 5 6 7 8 11 12 | 12.1
Stealth        | 5 6 7 8 10 11 12 | 12.1
Dodging        | 3 4 5 6 7 10 | 10.1
Ice Magic      | 1 2 |  2.0
Evocations     | 1 2 3 4 |  4.2
Spellcasting   | 3 4 5 6 7 |  7.1
Conjurations   | 2 4 |  4.0
Long Blades    | 1 |  1.0

Action                     |  1- 3 |  4- 6 |  7- 9 | 10-12 | 13-15 || total
---------------------------+-------+-------+-------+-------+-------++-------
  Melee: Dagger            |   112 |   205 |   247 |   198 |       ||   762
         Bite              |    10 |    14 |    21 |   105 |     4 ||   154
         Punch             |       |     5 |     2 |     5 |     2 ||    14
         Quick blade       |       |       |       |   490 |    62 ||   552
  Throw: Boomerang         |       |     1 |       |       |       ||     1
         Dart              |       |       |     2 |     2 |       ||     4
   Cast: Ensorcelled Hiber |    14 |    13 |    43 |   107 |     9 ||   186
         Confusing Touch   |       |     1 |     4 |    11 |       ||    16
         Tukima's Dance    |       |       |     3 |     9 |       ||    12
         Dazzling Flash    |       |       |     3 |     8 |     1 ||    12
Ability: Lunge             |       |       |       |    12 |     3 ||    15
         Whirlwind         |       |       |       |    11 |     1 ||    12
  Evoke: Wand              |       |       |     1 |       |       ||     1
    Use: Scroll            |     4 |     6 |     7 |     5 |       ||    22
         Potion            |       |       |       |       |     1 ||     1
   Stab: Sleeping          |    11 |    18 |    55 |    86 |     5 ||   175
         Confused          |       |     2 |     1 |    10 |       ||    13
         Invisible         |       |       |     4 |    16 |       ||    20
         Distracted        |       |       |       |     2 |       ||     2
 Armour: Robe              |    57 |   101 |    86 |   246 |    38 ||   528
  Dodge: Dodged            |    84 |   116 |   183 |   384 |    31 ||   798
         Repelled          |       |     2 |     8 |       |       ||    10

Table legend: (Time is in decaauts)
 A = Elapsed time spent in this place.
 B = Non-inter-level travel time spent in this place.
 C = Inter-level travel time spent in this place.
 D = Time resting spent in this place.
 E = Time spent auto-exploring this place.
 F = Levels seen in this place.
 G = Mean time per level.
                   A        B        C        D        E       F      G
               +--------+--------+--------+--------+--------+-----+--------+
         Total |  13755 |  13197 |    558 |    805 |   8654 |  17 |  809.1 |
       Dungeon |  10092 |   9557 |    535 |    471 |   6707 |  11 |  917.5 |
        Temple |      1 |      1 |      0 |      0 |      0 |   1 |    1.0 |
          Lair |   2345 |   2322 |     23 |      0 |   1865 |   3 |  781.7 |
         Sewer |    763 |    763 |      0 |    134 |     81 |   1 |  763.0 |
        Bailey |    552 |    552 |      0 |    200 |      1 |   1 |  552.0 |
               +--------+--------+--------+--------+--------+-----+--------+

Top non-repeatable levels by time:
     D:4: 1479 daAuts
     D:8: 1372 daAuts
  Lair:3: 1055 daAuts
    D:11: 1053 daAuts
     D:7: 946 daAuts
     D:6: 880 daAuts
     D:2: 865 daAuts
     D:9: 788 daAuts
   Sewer: 763 daAuts
     D:3: 739 daAuts
    D:10: 737 daAuts
  Lair:2: 683 daAuts
     D:1: 641 daAuts
  Lair:1: 606 daAuts
     D:5: 588 daAuts
